[Event "*** Titled Tuesday Blitz"]
[Site "Chess.com"]
[Date "2020.11.03"]
[Round "1"]
[White "MokshanovAlexey"]
[Black "tylityli"]
[Result "1-0"]
[WhiteElo "2581"]
[BlackElo "2260"]
[TimeControl "180+1"]
[EndTime "10:06:29 PST"]
[Termination "MokshanovAlexey won by resignation"]

1. e4 e5 2. Nf3 Nc6 3. d4 exd4 4.
Nxd4 Bc5 5. Nxc6 Qf6 6. Qf3 dxc6 7. Bc4 Be6 8. Qxf6 Nxf6 9. Bxe6 fxe6 10. f3 O-O-O 11.
Ke2 h6 12. Nd2 b5 13. Nb3 Bb6 14. a4 a6 15. Be3 Kb7 16. a5 Ba7 17. Bxa7 Kxa7 18. Nc5 e5 19. Rhd1 Rd6 20. b4 Rhd8 21. c3 Nd7 22. g3 Nxc5 23. bxc5 R6d7 24. Rxd7 Rxd7 25. Rd1 Re7 26. Rd8 Kb7 27. Ke3 Re6 28. f4 exf4+ 29. gxf4 Rg6 30. e5 Rg1 31. Kf2 Rc1 32.
e6 Rc2+ 33. Kf1 Rc1+ 34. Ke2 Rc2+ 35. Kd1 1-0

[Event "*** Titled Tuesday Blitz"]
[Site "Chess.com"]
[Date "2020.11.03"]
[Round "1"]
[White "garicradomir"]
[Black "Rakhimzhan_Alen"]
[Result "0-1"]
[WhiteElo "2305"]
[BlackElo "2624"]
[TimeControl "180+1"]
[EndTime "10:06:30 PST"]
[Termination "Rakhimzhan_Alen won on time"]

1. e4 e5 2. Nf3 Nc6 3. Nc3 Nf6 4.
Bb5 Bb4 5. d3 d6 6. O-O Bxc3 7.
bxc3 O-O 8. Bg5 Qe7 9. Re1 Nd8 10. d4 Ne6 11. Bd2 c5 12. dxe5 dxe5 13. Nxe5 Nc7 14.
Nxf7 Rxf7 15. Bf1 Be6 16. f3 Rd8 17. Qe2 Nh5 18. Be3 Nf4 19. Qf2 b6 20. a4 Kh8 21.
a5 Qg5 22. g3 Qg6 23. axb6 axb6 24. Ra7 Nh3+ 25. Bxh3 Bxh3 26. Rb1 Rdf8 27. Bf4 Rxf4 28. Rxc7 Rxf3 29. Qe2 Qxe4 0-1

[Event "*** Titled Tuesday Blitz"]
[Site "Chess.com"]
[Date "2020.11.03"]
[Round "1"]
[White "Malev212"]
[Black "pirulillo"]
[Result "1-0"]
[WhiteElo "2546"]
[BlackElo "2201"]
[TimeControl "180+1"]
[EndTime "10:06:30 PST"]
[Termination "Malev212 won by resignation"]

1. c4 Nf6 2. Nc3 g6 3. e4 d6 4. d4 Bg7 5. f3 O-O 6. Nge2 c5 7. d5 e6 8. Ng3 exd5 9. cxd5 a6 10. a4 h5 11. Bg5 Qa5 12. Ra3 Re8 13. Be2 Nh7 14. Be3 h4 15. Nf1 f5 16. Nd2 Nd7 17. Nc4 Qc7 18. O-O Ne5 19. Nxe5 Bxe5 20. f4 Bxc3 21. Rxc3 Rxe4 22. Bf3 Re8 23. b4 b6 24.
bxc5 bxc5 25. Bxc5 dxc5 26. d6 Qa5 27. Bd5+ Kg7 28.
Qc1 Rb8 29. Rxc5 Qb6 30. a5 Qxd6 31. Rd1 Rd8 32. Rc6 Qd7 33. Qc3+ Kh6 34. Rc7 Qxc7 35. Qxc7 Bb7 36. Bb3 Rxd1+ 37. Bxd1 1-0

[Event "*** Titled Tuesday Blitz"]
[Site "Chess.com"]
[Date "2020.11.03"]
[Round "1"]
[White "BillieKimbah"]
[Black "CarlssonLudvig"]
[Result "1-0"]
[WhiteElo "2861"]
[BlackElo "2437"]
[TimeControl "180+1"]
[EndTime "10:06:31 PST"]
[Termination "BillieKimbah won on time"]

1. c4 c5 2. Nf3 g6 3. e4 Nc6 4.
d4 cxd4 5. Nxd4 Nf6 6. Nc3 Nxd4 7. Qxd4 d6 8. Be2 Bg7 9. Be3 O-O 10. Qd2 Qa5 11.
O-O Be6 12. Rac1 Rfc8 13. b3 a6 14. a4 b5 15. axb5 axb5 16. cxb5 Bxb3 17. f3 Be6 18. Bd4 Qb4 19. Rfd1 Rab8 20. Rb1 Qa5 21. Rdc1 Rb7 22. Qe3 Rcb8 23. h3 Bd7 24. f4 Qd8 25. e5 dxe5 26.
fxe5 Ne8 27. Bf3 Rc7 28. b6 Rc4 29. Nd5 Rxc1+ 30. Rxc1 Be6 31. Nc7 1-0

[Event "*** Titled Tuesday Blitz"]
[Site "Chess.com"]
[Date "2020.11.03"]
[Round "1"]
[White "Sviridov_Valery"]
[Black "annazero"]
[Result "1-0"]
[WhiteElo "2731"]
[BlackElo "2374"]
[TimeControl "180+1"]
[EndTime "10:06:31 PST"]
[Termination "Sviridov_Valery won by resignation"]

1. Nf3 d5 2. g3 Nf6 3. Bg2 Bf5 4. O-O e6 5. c4 c6 6. cxd5 cxd5 7. d3 Nc6 8. Nc3 h6 9. Qb3 Qb6 10. Qxb6 axb6 11.
Nb5 Rc8 12. Bf4 g5 13. Bd2 Be7 14.
Rfc1 O-O 15. h4 Nh7 16. hxg5 hxg5 17. Be3 Nb4 18. Nfd4 Bg6 19. a3 Nc6 20. Nf3 Bf6 21.
Rab1 g4 22. Nh4 d4 23. Nxg6 fxg6 24. Bf4 g5 25. Bd2 Be7 26. b4 Rf5 27. Bxc6 Rxc6 28. Rxc6 bxc6 29. Nxd4 Rf8 30. Nxc6 Bf6 31. Be3 Ra8 32.
Bxb6 Ra6 33. b5 Rxb6 34. a4 Rb7 35. a5 Rc7 36. a6 Rc8 37. b6 Rxc6 38. a7 Bd4 39.
a8=Q+ 1-0

[Event "*** Titled Tuesday Blitz"]
[Site "Chess.com"]
[Date "2020.11.03"]
[Round "1"]
[White "MateusViageiro"]
[Black "AvitalBor"]
[Result "0-1"]
[WhiteElo "2353"]
[BlackElo "2693"]
[TimeControl "180+1"]
[EndTime "10:06:31 PST"]
[Termination "AvitalBor won by resignation"]

1. e4 e5 2. Nf3 Nc6 3. Bc4 Bc5 4. O-O d6 5. c3 Bb6 6. h3 Nf6 7.
Re1 O-O 8. d4 h6 9. a4 a6 10. b4 Re8 11. Qb3 Qe7 12. Bb2 Bd7 13. Nbd2 Nh5 14. dxe5 Nxe5 15. Nxe5 dxe5 16. Qd1 Qg5 17.
Qf3 Nf4 18. Kh2 Be6 19. Qg3 Nxh3 20. gxh3 Qxd2 21. Re2 Qf4 22. Bxe6 Rxe6 23. Rg1 Qxg3+ 24. Rxg3 Rd8 25. c4 Bd4 26. Bc1 c5 27. b5 axb5 28.
axb5 Ra8 29. f4 exf4 30. Bxf4 Ra4 31. Reg2 Rxc4 32. e5 g6 33. Re2 Kh7 34. Ra3 g5 35.
Bg3 Rb4 36. Ra8 Rxb5 37. Rd8 b6 38. Rd7 Kg6 39. h4 gxh4 40. Bxh4 Rb2 41. Rxb2 Bxb2 42. Bg3 Bxe5 43. Bxe5 Rxe5 44. Rd6+ Re6 0-1

[Event "*** Titled Tuesday Blitz"]
[Site "Chess.com"]
[Date "2020.11.03"]
[Round "1"]
[White "BegmuratovKh2010"]
[Black "Zhigalko_Sergei"]
[Result "0-1"]
[WhiteElo "2455"]
[BlackElo "2912"]
[TimeControl "180+1"]
[EndTime "10:06:32 PST"]
[Termination "Zhigalko_Sergei won by resignation"]

1. d4 Nf6 2. Nf3 e6 3. c4 b6 4. Nc3 Bb4 5. Bd2 Bb7 6. g3 O-O 7. Bg2 d6 8. O-O Nbd7 9. a3 Bxc3 10. Bxc3 Ne4 11. Qc2 Nxc3 12. Qxc3 a5 13. Nd2 Bxg2 14. Kxg2 a4 15. e4 e5 16. d5 Nc5 17. Rae1 Qg5 18. Kh1 Rae8 19. f4 exf4 20. gxf4 Qh6 21. e5 Re7 22. Rg1 Rfe8 23. Nf3 g6 24. Rg3 Qxf4 25. Ng5 Rxe5 26. Reg1 Rxg5 27. Rxg5 Ne4 0-1

[Event "*** Titled Tuesday Blitz"]
[Site "Chess.com"]
[Date "2020.11.03"]
[Round "1"]
[White "ARTHURMOTIVATOR"]
[Black "sergiochess83"]
[Result "0-1"]
[WhiteElo "2394"]
[BlackElo "2789"]
[TimeControl "180+1"]
[EndTime "10:06:33 PST"]
[Termination "sergiochess83 won on time"]

1. e4 c6 2. d4 d5 3. exd5 cxd5 4. Bd3 Nc6 5. c3 g6 6. h3 Bf5 7. Nf3 Qc7 8. O-O e6 9. Re1 Bd6 10. Bf1 h5 11. a4 Nf6 12. Na3 a6 13. Nc2 Ne4 14.
Ne3 O-O-O 15. Bd2 Ne7 16. b4 g5 17. Ne5 f6 18. Nxf5 Nxf5 19. Rxe4 dxe4 20. Nc4 g4 21. h4 g3 22. f3 Bf4 23. fxe4 Nxd4 24. cxd4 Rxd4 25. Bxf4 Rxd1 0-1

[Event "*** Titled Tuesday Blitz"]
[Site "Chess.com"]
[Date "2020.11.03"]
[Round "1"]
[White "Deepweb2020"]
[Black "crywolf1986"]
[Result "0-1"]
[WhiteElo "2250"]
[BlackElo "2574"]
[TimeControl "180+1"]
[EndTime "10:06:33 PST"]
[Termination "crywolf1986 won by resignation"]

1. d4 d5 2. c4 e6 3. g3 Nf6 4. Nf3 Be7 5. Bg2 O-O 6. O-O c6 7. Nbd2 b6 8. Qc2 Bb7 9. e4 Nbd7 10. e5 Ne8 11. cxd5 cxd5 12. h4 Rc8 13. Qd1 a5 14.
Re1 Ba6 15. Bf1 Bxf1 16. Nxf1 Qc7 17. Ne3 g6 18. Bd2 Ng7 19. Rc1 Qb7 20. Qb3 Qa6 21.
a4 h5 22. Qb5 Qxb5 23. axb5 Rfd8 24. Kf1 Ne8 25. Rc6 Rxc6 26. bxc6 Nb8 27. b4 axb4 28. Rb1 Nxc6 29. Ke2 Rc8 30. Kd3 Nc7 31. Ne1 Na6 32. Ra1 Na5 33. N1c2 b3 34. Bxa5 bxa5 35. Na3 Nb4+ 36. Kd2 a4 37. Nb1 Na2 0-1

[Event "*** Titled Tuesday Blitz"]
[Site "Chess.com"]
[Date "2020.11.03"]
[Round "1"]
[White "Skat2704"]
[Black "Aleksey_Sorokin"]
[Result "0-1"]
[WhiteElo "2442"]
[BlackElo "2877"]
[TimeControl "180+1"]
[EndTime "10:06:34 PST"]
[Termination "Aleksey_Sorokin won by checkmate"]

1. d4 Nf6 2. c4 g6 3. Nc3 d5 4. Nf3 Bg7 5. e3 O-O 6. cxd5 Nxd5 7. Bc4 Nb6 8. Bb3 c5 9. O-O cxd4 10. exd4 Nc6 11. Be3 Na5 12. h3 Nxb3 13. Qxb3 Be6 14. Qc2 Rc8 15. Rfe1 Nd5 16. Qd2 Nxe3 17. fxe3 Re8 18.
Rad1 Qb6 19. Kh1 Qa5 20. a3 Bb3 21. Rc1 Red8 22. Qf2 a6 23. e4 Qb6 24. Ne2 Bc4 25.
Qe3 e5 26. Qd2 exd4 27. e5 d3 28. Nc3 Bb5 29. Re4 Bc6 30. Rh4 Bxf3 31. gxf3 Bxe5 32.
Qh6 Qxb2 33. Qxh7+ Kf8 34. Rg1 Qh2# 0-1

[Event "*** Titled Tuesday Blitz"]
[Site "Chess.com"]
[Date "2020.11.03"]
[Round "1"]
[White "Lagmantr"]
[Black "tteshan"]
[Result "1-0"]
[WhiteElo "2719"]
[BlackElo "2369"]
[TimeControl "180+1"]
[EndTime "10:06:34 PST"]
[Termination "Lagmantr won by checkmate"]

1. e4 c5 2. Nf3 Nc6 3. d4 cxd4 4. Nxd4 g6 5. c4 Bg7 6. Be3 Nf6 7. Nc3 O-O 8. Nxc6 bxc6 9. e5 Ne8 10. f4 f6 11.
exf6 Nxf6 12. Be2 d6 13. O-O Qc7 14. b3 Nd7 15. Rc1 a5 16. Kh1 Bb7 17. Bf3 Rae8 18. Na4 e5 19. Qd2 e4 20. Be2 Qb8 21. Rfd1 d5 22. cxd5 cxd5 23. Qxa5 Qd6 24. Qc7 Qxc7 25. Rxc7 Bc8 26. Rxd5 Nf6 27. Rdc5 Be6 28. Nc3 Ra8 29. h3 Nd7 30. R5c6 Bxc3 31. Rxe6 Rxa2 32. Bc4 Ra1+ 33. Kh2 Ba5 34. Rxg6+ Kh8 35. Bd4+ Nf6 36. Bxf6+ Rxf6 37. Rg8# 1-0

[Event "*** Titled Tuesday Blitz"]
[Site "Chess.com"]
[Date "2020.11.03"]
[Round "1"]
[White "Tocras"]
[Black "WildTricks"]
[Result "1-0"]
[WhiteElo "2802"]
[BlackElo "2400"]
[TimeControl "180+1"]
[EndTime "10:06:35 PST"]
[Termination "Tocras won on time"]

1. e4 c5 2. Nc3 d6 3. f4 g6 4. Nf3 Bg7 5. Bb5+ Bd7 6. Bc4 Nc6 7. d3 e6 8. O-O Nge7 9. f5 exf5 10. Qe1 h6 11. Bf4 Nd4 12. Nxd4 Bxd4+ 13. Kh1 Be6 14. exf5 Bxc4 15. dxc4 g5 16. Bg3 O-O 17. Nb5 Bxb2 18. Rd1 Nc8 19. c3 Qa5 20. Rd3 Qxa2 21. Qe4 a6 22. Nc7 Nb6 23. Nxa8 Rxa8 24. Rxd6 Qxc4 25. Qf3 Na4 26. Rxh6 Bxc3 27. f6 Re8 28. Rh8+ Kxh8 29. Qh5+ 1-0

[Event "*** Titled Tuesday Blitz"]
[Site "Chess.com"]
[Date "2020.11.03"]
[Round "1"]
[White "Shuvalov"]
[Black "GMHess"]
[Result "0-1"]
[WhiteElo "2437"]
[BlackElo "2861"]
[TimeControl "180+1"]
[EndTime "10:06:36 PST"]
[Termination "GMHess won by resignation"]

1. Nf3 g6 2. c4 Bg7 3. d4 c5 4. d5 f5 5. g3 d6 6. Bg2 Nd7 7. O-O a6 8. a4 Ngf6 9. Nc3 Nb6 10. Qb3 O-O 11. Bd2 h6 12. Rae1 Ne4 13.
Nxe4 fxe4 14. Nh4 g5 15. Ng6 Rf6 16. Bxe4 a5 17. f4 Bh3 18. Rf3 g4 19. Rf2 Ra6 20. f5 Qd7 21. Bc3 Qxa4 22. Qxa4 Nxa4 23. Nxe7+ Kf7 24.
Bxf6 Bxf6 25. Ng6 Nxb2 26. e3 a4 27. Bb1 a3 28. Ba2 Nd3 29. Nf4 Nxe1 30. Nxh3 gxh3 31. Rd2 Nf3+ 32. Kf2 Nxd2 0-1

[Event "*** Titled Tuesday Blitz"]
[Site "Chess.com"]
[Date "2020.11.03"]
[Round "1"]
[White "kai_nov"]
[Black "valeriocarnicelli"]
[Result "1-0"]
[WhiteElo "2288"]
[BlackElo "2572"]
[TimeControl "180+1"]
[EndTime "10:06:36 PST"]
[Termination "kai_nov won by resignation"]

1. d4 d5 2. c4 c6 3. Nf3 Nf6 4. e3 e6 5. Nbd2 Nbd7 6. Bd3 b6 7. O-O Bb7 8. e4 dxe4 9. Nxe4 c5 10. d5 exd5 11. cxd5 Bxd5 12. Re1 Be7 13. Nd6+ Kf8 14.
Nf5 Qc7 15. Nxe7 Bxf3 16. Qxf3 Re8 17. Bf4 Qd8 18. Nc6 Qc8 19. Bd6+ Kg8 20. Ne7+ Rxe7 21.
Rxe7 g6 22. Rae1 Kg7 23. Bc4 Rf8 24. Qc3 Kg8 25. Qb3 Qc6 26. Bxf7+ Kh8 27. Be5 Nxe5 28. R7xe5 Qd6 29. h3 b5 30. Qe6 Qd8 31. Rxc5 Kg7 32.
Qe7 Qb8 33. Bb3+ Kh6 34. Rc7 a5 35. Qg7+ Kg5 36. Rc5+ Kf4 37. Qh6+ 1-0

[Event "*** Titled Tuesday Blitz"]
[Site "Chess.com"]
[Date "2020.11.03"]
[Round "1"]
[White "Bigfish1995"]
[Black "Orest_Vovk"]
[Result "1-0"]
[WhiteElo "3005"]
[BlackElo "2466"]
[TimeControl "180+1"]
[EndTime "10:06:37 PST"]
[Termination "Bigfish1995 won on time"]

1. e4 g5 2. Ke2 d5 3. d3 dxe4 4.
dxe4 Qxd1+ 5. Kxd1 h6 6. Be3 Bg7 7. c3 Nf6 8. f3 Nc6 9. Kc2 Bd7 10.
Nd2 O-O-O 11. Ne2 Nh5 12. g4 Nf6 13. h4 gxh4 14. Rxh4 Ne5 15. Ng3 Ng6 16. Rh2 e6 17. Be2 Ng8 18. Nh5 Be5 19. f4 Bd6 20. e5 Be7 21. Bxa7 f6 22. Bd3 Be8 23. exf6 Nxf6 24.
Bd4 e5 25. fxe5 Nxh5 26. gxh5 Nf4 27. Bf5+ Kb8 28. Rf1 Nd5 29. Bg6 Bb5 30. Rf7 Bg5 31. Kb3 Bc6 32. e6 Rd6 33. Bxh8 Rxe6 34. Rf8+ Ka7 35.
Bd4+ b6 36. Ne4 Nf4 37. Nxg5 hxg5 38. Bf5 Bd5+ 39. c4 Rd6 40. cxd5 1-0

[Event "*** Titled Tuesday Blitz"]
[Site "Chess.com"]
[Date "2020.11.03"]
[Round "1"]
[White "GOGIEFF"]
[Black "Region_07"]
[Result "1-0"]
[WhiteElo "2907"]
[BlackElo "2454"]
[TimeControl "180+1"]
[EndTime "10:06:37 PST"]
[Termination "GOGIEFF won on time"]

1. d4 d5 2. c4 Nc6 3. cxd5 Qxd5 4. e3 e5 5. Nc3 Bb4 6. Bd2 Bxc3 7. bxc3 Nf6 8. c4 Qd6 9. d5 Ne7 10. Ne2 O-O 11.
Nc3 a6 12. e4 Ng6 13. f3 Nd7 14. g3 Nc5 15. Be2 Bh3 16. Be3 f5 17. exf5 Rxf5 18. Qd2 Bg2 19. O-O-O Bxh1 20. Rxh1 Nf8 21. Kb1 Nfd7 22.
Ka1 b5 23. Rc1 b4 24. Ne4 Qb6 25. d6 c6 26. Bxc5 Nxc5 27. Qe3 Nd7 28. c5 Qa5 29. Bc4+ Kh8 30. Be6 b3 31. Qxb3 Rb8 32. Qc3 Qxc3+ 33. Rxc3 Nxc5 34. Bxf5 1-0

[Event "*** Titled Tuesday Blitz"]
[Site "Chess.com"]
[Date "2020.11.03"]
[Round "1"]
[White "SGchess01"]
[Black "MasterKroket"]
[Result "1-0"]
[WhiteElo "2840"]
[BlackElo "2417"]
[TimeControl "180+1"]
[EndTime "10:06:37 PST"]
[Termination "SGchess01 won by resignation"]

1. d4 Nf6 2. c4 e6 3. Nf3 b6 4. e3 Bb7 5. Nc3 Bb4 6. Bd3 O-O 7. O-O c5 8. Na4 cxd4 9. a3 Be7 10. exd4 d5 11. c5 Ne4 12. b4 Nd7 13. Bf4 Bf6 14. Rc1 Rc8 15. Re1 bxc5 16. Nxc5 Ndxc5 17. dxc5 Re8 18. Bb5 Bc6 19. Bxc6 Rxc6 20. Be5 Be7 21. Bb2 f6 22. Nd4 Qc8 23. f3 Ng5 24. Nxc6 Qxc6 25. Qd3 a6 26. Kh1 Rd8 27. Rcd1 e5 28. Qb3 Ne6 29. Rd2 h5 30. a4 d4 31. Bxd4 Kh8 32. Be3 Rxd2 33. Bxd2 Nd4 34.
Qf7 Bd8 35. Be3 Nc2 36. Rd1 Bc7 1-0

[Event "*** Titled Tuesday Blitz"]
[Site "Chess.com"]
[Date "2020.11.03"]
[Round "1"]
[White "jacky72"]
[Black "MIJuanReyesRosa"]
[Result "1-0"]
[WhiteElo "2515"]
[BlackElo "2122"]
[TimeControl "180+1"]
[EndTime "10:06:37 PST"]
[Termination "jacky72 won on time"]

1. c4 c5 2. g3 Nf6 3. Bg2 d5 4. Nf3 Nc6 5. O-O e5 6. cxd5 Nxd5 7. Nc3 Be6 8. b3 Be7 9. Bb2 f6 10. Rc1 O-O 11. Na4 b6 12. d3 Rc8 13. Qd2 Qd7 14. Rfd1 Rfd8 15. h4 Bf8 16. h5 Qf7 17. h6 g6 18. Nc3 Nd4 19. Nxd4 cxd4 20. Ne4 Nb4 21. Ba3 a5 22. Bxb4 Bxb4 23. Qb2 Bd5 24. Nxf6+ Qxf6 25. Bxd5+ Kh8 26. Bf3 Qe7 27. Rxc8 Rxc8 28.
Rc1 Bc3 29. Qc2 b5 30. e3 b4 31. Qe2 Qg5 32. Rf1 Qxh6 33. Bg4 Rf8 34. e4 Bd2 35. Kg2 Bg5 36. Rh1 Qg7 37. Qc2 Qf7 38. Bd1 Kg7 39. Qe2 Bf6 40. Qg4 Rd8 41. f4 exf4 42. gxf4 Qe7 43.
e5 1-0

[Event "*** Titled Tuesday Blitz"]
[Site "Chess.com"]
[Date "2020.11.03"]
[Round "1"]
[White "lukas_111111"]
[Black "IngOscarArdila"]
[Result "1-0"]
[WhiteElo "2517"]
[BlackElo "2125"]
[TimeControl "180+1"]
[EndTime "10:06:39 PST"]
[Termination "lukas_111111 won by resignation"]

1. d4 Nf6 2. c4 g6 3. f3 Bg7 4. e4 d6 5. Nc3 O-O 6. Nge2 e6 7.
Bg5 h6 8. Be3 Nbd7 9. Qd2 Kh7 10.
g4 e5 11. O-O-O exd4 12. Nxd4 Qe7 13. h4 Ne8 14. Nd5 Qd8 15. h5 g5 16. f4 Bxd4 17.
Bxd4 gxf4 18. Qxf4 Qg5 19. Qxg5 hxg5 20. h6 Ne5 21. Bxe5 dxe5 22. Be2 c6 23. Ne7 f6 24. Rd8 Bxg4 25. Rxa8 Bxe2 26. Nf5 Rh8 27. Rxa7 Bxc4 28. Rxb7+ Kg6 29. h7 g4 30. Rg1 Be2 31. Kd2 Bf3 32.
Ke3 Kg5 33. a4 c5 34. a5 Kg6 35. a6 Rxh7 36. Rxh7 Kxh7 37. a7 Nc7 38. Rc1 Kg6 39.
Rxc5 Na8 40. Rc8 Nb6 41. a8=Q Nxa8 42. Rxa8 Bd1 43. b4 Kf7 44. b5 Ke6 45. b6 Kd7 46.
b7 1-0

[Event "*** Titled Tuesday Blitz"]
[Site "Chess.com"]
[Date "2020.11.03"]
[Round "1"]
[White "vladislavkovalev"]
[Black "kleopl"]
[Result "1-0"]
[WhiteElo "2866"]
[BlackElo "2439"]
[TimeControl "180+1"]
[EndTime "10:06:40 PST"]
[Termination "vladislavkovalev won by resignation"]

1. e4 c5 2. Be2 Nc6 3. d3 g6 4.
f4 Bg7 5. Nf3 e6 6. O-O Nge7 7. c3 O-O 8. Be3 b6 9. d4 cxd4 10.
cxd4 d5 11. e5 f5 12. Nc3 a5 13. Rc1 Ba6 14. Bxa6 Rxa6 15. Qd3 Ra8 16. a3 Rc8 17. Nb5 Qd7 18. Rc3 Nb8 19. Rfc1 Rxc3 20. Rxc3 Rc8 21. Nd6 Rxc3 22. Qxc3 Qc6 23. Ng5 Qd7 24.
Qb3 h6 25. Qxb6 hxg5 26. Qxb8+ Kh7 27. fxg5 Qa4 28. h3 Qd1+ 29. Kh2 Qd3 30. Bg1 f4 31.
Qb5 Qg3+ 32. Kh1 Qxg5 33. Qe2 Nf5 34. Nxf5 Qxf5 35. Qg4 Qe4 36. Qxe6 f3 37. Qg4 fxg2+ 38. Qxg2 Qe1 39. Qxd5 Bh6 40. Qf7+ Kh8 41. Qf3 Kg7 42. Kg2 a4 43. Bf2 Qc1 44. Qf6+ Kh7 45. Qf7+ Bg7 46.
e6 Qg5+ 47. Kh2 Qd2 48. e7 1-0

[Event "*** Titled Tuesday Blitz"]
[Site "Chess.com"]
[Date "2020.11.03"]
[Round "1"]
[White "Piotrek1979"]
[Black "GM_Levan_Pantsulaia"]
[Result "0-1"]
[WhiteElo "2427"]
[BlackElo "2850"]
[TimeControl "180+1"]
[EndTime "10:06:41 PST"]
[Termination "GM_Levan_Pantsulaia won by resignation"]

1. e4 c5 2. Nf3 e6 3. d4 cxd4 4.
Nxd4 a6 5. Bd3 Nf6 6. Qe2 d6 7. c4 Nc6 8. Nxc6 bxc6 9. O-O e5 10. Nc3 Be7 11. Rd1 O-O 12. Bc2 Qb6 13. Rb1 Bg4 14. Qd3 Bxd1 15. Bxd1 Rab8 16. Be3 Qc7 17. b4 d5 18. cxd5 cxd5 19. Nxd5 Nxd5 20. exd5 Rxb4 21. Rc1 Qd7 22. Bb3 a5 23. Bd2 Rd4 24. Qe2 a4 25. Bc4 Rc8 26. Be3 Rg4 27. h3 Rg6 28. Kf1 Bg5 29. Rc2 Bxe3 30. fxe3 Rb6 31. e4 a3 32.
Bb3 Rxc2 33. Qxc2 g6 34. Kg1 Qd6 35. Kh2 Kg7 36. Qc3 h5 37. h4 Rb4 38. Qc6 Qf6 39.
d6 Qxh4+ 40. Kg1 Qxe4 41. Qxe4 Rxe4 0-1

[Event "*** Titled Tuesday Blitz"]
[Site "Chess.com"]
[Date "2020.11.03"]
[Round "1"]
[White "Gajuchess"]
[Black "andrzej"]
[Result "0-1"]
[WhiteElo "2706"]
[BlackElo "2387"]
[TimeControl "180+1"]
[EndTime "10:06:41 PST"]
[Termination "andrzej won on time"]

1. e4 c5 2. Nf3 e6 3. d4 cxd4 4. Nxd4 Nf6 5. Nc3 d6 6. Be3 a6 7. f4 Be7 8. g4 Nc6 9. g5 Nd7 10. h4 Qc7 11. Bg2 O-O 12. h5 Nxd4 13. Bxd4 b5 14.
g6 fxg6 15. hxg6 h6 16. f5 Ne5 17. fxe6 Bxe6 18. Bxe5 dxe5 19. Nd5 Bxd5 20. Qxd5+ Kh8 21. O-O-O Rac8 22. Qb3 Rf2 23. c3 b4 24. Bh3 bxc3 25.
Bxc8 Bg5+ 26. Kb1 c2+ 27. Ka1 cxd1=Q+ 28. Rxd1 Qxc8 29. a3 Bc1 30. Qb6 Bxb2+ 31. Kb1 Bd4 32. Qb3 Rb2+ 0-1

[Event "*** Titled Tuesday Blitz"]
[Site "Chess.com"]
[Date "2020.11.03"]
[Round "1"]
[White "Shota_Azaladze"]
[Black "Vyacheslav_N"]
[Result "1-0"]
[WhiteElo "2624"]
[BlackElo "2299"]
[TimeControl "180+1"]
[EndTime "10:06:41 PST"]
[Termination "Shota_Azaladze won by resignation"]

1. Nf3 d5 2. g3 c5 3. Bg2 Nc6 4. O-O e5 5. c4 d4 6. e3 Be7 7. exd4 exd4 8. Re1 Nf6 9. d3 O-O 10.
Ne5 Nxe5 11. Rxe5 Bd6 12. Re1 h6 13. Nd2 Rb8 14. Ne4 Nxe4 15. Bxe4 b5 16. cxb5 Rxb5 17. b3 Be6 18. Bd2 a5 19. Rc1 Qd7 20. Qf3 Bg4 21.
Qg2 Rc8 22. Bd5 a4 23. bxa4 Rb2 24. Bf4 Bf8 25. Bb3 g5 26. Be5 Be6 27. Bxe6 fxe6 28. Qe4 Qh7 29. Bxd4 Qxe4 30. Rxe4 Rxa2 31. Be3 Ra8 32.
Rcc4 Ra3 33. Rxe6 Rxd3 34. h4 gxh4 35. Rxh4 Kf7 36. Rc6 Rd1+ 37. Kg2 Ra1 38. Bxc5 Rc1 39. Rc7+ Kg8 40. Rg4+ Kh8 41. Bd4+ 1-0

[Event "*** Titled Tuesday Blitz"]
[Site "Chess.com"]
[Date "2020.11.03"]
[Round "1"]
[White "DryCounty"]
[Black "LubovMarkelova"]
[Result "1-0"]
[WhiteElo "2573"]
[BlackElo "2245"]
[TimeControl "180+1"]
[EndTime "10:06:42 PST"]
[Termination "DryCounty won by resignation"]

1. e4 e6 2. d4 d5 3. exd5 exd5 4.
Nf3 Bd6 5. c4 Nf6 6. Bg5 Qe7+ 7.
Be2 Bb4+ 8. Nc3 O-O 9. O-O Bxc3 10. bxc3 h6 11. Bxf6 Qxf6 12. cxd5 Nd7 13. c4 Nb6 14. Ne5 Re8 15. Bf3 Bf5 16. Qb3 Rab8 17. Rad1 Nd7 18. Nxd7 Bxd7 19. c5 b6 20. c6 Bf5 21. Qc3 Be4 22.
Bxe4 Rxe4 23. Rfe1 Rbe8 24. Rxe4 Rxe4 25. h3 Re2 26. Qg3 Rxa2 27. d6 cxd6 28. Rc1 Qd8 29.
c7 Qc8 30. Qxd6 Kh7 31. Qe5 a5 32. d5 Rd2 33. d6 a4 34. Qe4+ g6 35. Qf4 Qd7 36.
Qxd2 1-0

[Event "*** Titled Tuesday Blitz"]
[Site "Chess.com"]
[Date "2020.11.03"]
[Round "1"]
[White "tptagain"]
[Black "pooh2012"]
[Result "1-0"]
[WhiteElo "2953"]
[BlackElo "2462"]
[TimeControl "180+1"]
[EndTime "10:06:43 PST"]
[Termination "tptagain won by resignation"]

1. Nf3 Nf6 2. b3 a5 3. c4 d6 4. Nc3 Nbd7 5. d4 c6 6. e4 Qc7 7.
Be2 e5 8. O-O Be7 9. Bb2 O-O 10.
Rc1 Re8 11. Re1 Nf8 12. d5 Ng6 13. Bf1 Bd7 14. dxc6 bxc6 15. c5 dxc5 16. Na4 Bg4 17. h3 Bxf3 18. Qxf3 Nd7 19. g3 Ngf8 20. Bc4 Bf6 21.
Red1 Re7 22. h4 Ne6 23. Bxe6 Rxe6 24. Nxc5 Nxc5 25. Rxc5 a4 26. b4 Be7 27. Rc4 a3 28. Bxa3 Qa7 29. Rd3 Qa6 30. Rc2 Qa4 31. Rcd2 h6 32. Rb3 Rb8 33. Rd7 Rf6 34. Qd3 Re6 35. Kg2 c5 36. bxc5 Rxb3 37. axb3 Qxa3 38. Rxe7 Qxc5 39.
Rxe6 fxe6 40. Qc4 Qb6 41. b4 Kh7 42. b5 Kg6 43. Qc6 Qd4 44. Qxe6+ Kh7 45. Qd5 Qb2 46. Qc6 Kh8 47. b6 Qc3 48. Qxc3 1-0

[Event "*** Titled Tuesday Blitz"]
[Site "Chess.com"]
[Date "2020.11.03"]
[Round "1"]
[White "Alexsur1981"]
[Black "DishonorOnYourCow"]
[Result "1-0"]
[WhiteElo "2775"]
[BlackElo "2391"]
[TimeControl "180+1"]
[EndTime "10:06:44 PST"]
[Termination "Alexsur1981 won by checkmate"]

1. e4 e5 2. f4 Bc5 3. Nf3 d6 4. Bc4 Nf6 5. d3 Nc6 6. Nc3 Bg4 7. Na4 Bb6 8. Nxb6 axb6 9. h3 Bxf3 10. Qxf3 Nd4 11. Qf2 b5 12. Bb3 Nxb3 13. cxb3 O-O 14. O-O Nd7 15. b4 Qe7 16. f5 f6 17. a3 d5 18. Be3 d4 19. Bd2 Rfc8 20. Rac1 b6 21.
Rc6 Nb8 22. Re6 Qd7 23. Rc1 c5 24. Rxb6 c4 25. Qf1 c3 26. bxc3 dxc3 27. Bxc3 Rxc3 28. Rxc3 Qd4+ 29. Kh2 Qxc3 30. Rxb5 Nc6 31. Rc5 Qxa3 32. Rxc6 Qxb4 33. Qc1 h5 34. Qc4+ Qxc4 35. Rxc4 Ra3 36. d4 exd4 37. Rxd4 Re3 38. h4 Kh7 39. Kg1 Kh6 40.
Kf2 Ra3 41. Rd8 Ra2+ 42. Kf3 Kh7 43. Re8 Ra3+ 44. Kf4 Ra2 45. g4 hxg4 46. Kxg4 Re2 47. h5 Rg2+ 48. Kh3 Re2 49. Kg3 Re3+ 50. Kg4 Re2 51.
h6 gxh6 52. Re7+ Kg8 53. Kh5 Kf8 54. Re6 Kf7 55. Kg4 Rg2+ 56. Kf3 Rg1 57. Ra6 Rf1+ 58.
Kg3 Re1 59. Ra7+ Kf8 60. Kf3 h5 61. Rh7 Rf1+ 62. Ke3 Re1+ 63. Kd4 Rh1 64. Kd5 Kg8 65. Ra7 h4 66. Ke6 h3 67. Kxf6 h2 68. Rg7+ Kf8 69.
Rh7 Kg8 70. Rg7+ Kf8 71. Rg2 Ke8 72. e5 Kf8 73. e6 Ke8 74. Rg8# 1-0

[Event "*** Titled Tuesday Blitz"]
[Site "Chess.com"]
[Date "2020.11.03"]
[Round "1"]
[White "wannabe2700"]
[Black "talyamania"]
[Result "1-0"]
[WhiteElo "2740"]
[BlackElo "2375"]
[TimeControl "180+1"]
[EndTime "10:06:44 PST"]
[Termination "wannabe2700 won on time"]

1. e4 c5 2. d4 cxd4 3. Nf3 d6 4. Nxd4 Nf6 5. Nc3 a6 6. Be3 e5 7. Nb3 Be7 8. f3 O-O 9. Qd2 Be6 10. O-O-O h5 11.
h3 h4 12. f4 Nc6 13. Qf2 Rc8 14.
Kb1 exf4 15. Bxf4 Qc7 16. Bd3 Ne5 17. Bg5 b5 18. Rc1 b4 19. Ne2 a5 20. Nbd4 a4 21.
Nxe6 fxe6 22. Qxh4 b3 23. cxb3 Qb7 24. Bc4 Nxc4 25. Rxc4 Rxc4 26. bxc4 Rb8 27. Bc1 Nxe4 28. Qg4 Bf6 29. Qxe6+ Kh8 30. Qd5 Bxb2 31. Qxb7 Rxb7 32. Kc2 Be5 33. Ba3 Rf7 34. Rb1 Rf2 35. Kd3 Nf6 36. Rb4 Rxg2 37. Rxa4 Rg3+ 38. Nxg3 Bxg3 39. Ra6 Nh5 40. Bxd6 Bf2 41. c5 Nf6 42. c6 Nd5 43. Ra5 Nb6 44. Bc5 Bxc5 45. Rxc5 1-0